 Dungeon Crawl Stone Soup version 0.31.0-1-g2c135a0 (webtiles) character file.

Game seed: 807502933121779086

41 Think the Ducker (level 3, 0/26 HPs)
             Began as an Octopode Fighter on Feb 26, 2024.
             Slain by a giant cockroach (2 damage)
             ... on level 2 of the Dungeon.
             The game lasted 00:01:28 (1440 turns).

Think the Ducker (Octopode Fighter)                 Turns: 1440, Time: 00:01:29

Health: 0/26       AC:  1    Str: 15    XL:     3   Next: 52%
Magic:  3/3        EV: 14    Int: 10    God:
Gold:   66         SH:  4    Dex: 13    Spells: 2/2 levels left

rFire   . . .        a - +0 long sword
rCold   . . .        b - +0 buckler
rNeg    . . .        (helmet restricted)
rPois   .            (no amulet)
rElec   .            (no ring)
rCorr   .            (no ring)
SInv    .            (no ring)
Will    .....        (no ring)
Stlth   ++           (no ring)
HPRegen 0.24/turn    (no ring)
MPRegen 0.08/turn    (no ring)
                     (no ring)

%: no passive effects
@: mighty
A: almost no armour, amphibious, 8 rings, camouflage 1, gelatinous body 1,
(nimble swimmer 1), tentacles
a: no special abilities


You were on level 2 of the Dungeon.
You visited 1 branch of the dungeon, and saw 2 of its levels.

You collected 66 gold pieces.

Inventory:

Hand Weapons
 a - a +0 long sword (weapon)
Missiles
 j - 3 poisoned darts (quivered)
Armour
 b - a +0 buckler (worn)
Scrolls
 d - 2 scrolls of vulnerability {unknown}
 e - a scroll of brand weapon {unknown}
 f - a scroll of teleportation {unknown}
 g - a scroll of fear {unknown}
 h - a scroll of revelation {unknown}
 i - a scroll of fog {unknown}
 k - a scroll of blinking {unknown}
 l - a scroll of identify {unknown}


   Skills:
 - Level 3.0 Fighting
 - Level 2.0 Long Blades
 + Level 4.4 Dodging
 - Level 3.0 Shields


You had 2 spell levels left.
You didn't know any spells.
Your spell library contained the following spells:

 Spells                   Type           Power      Damage    Failure   Level
 Apportation              Tloc           0%         N/A       45%         1
 Jinxbite                 Hex            0%         N/A       58%         2
 Call Canine Familiar     Summ           0%         N/A       83%         3
 Sigil of Binding         Hex            0%         N/A       83%         3
 Dimensional Bullseye     Hex/Tloc       0%         N/A       99%         4
 Alistair's Intoxication  Alch           0%         N/A       100%        5


Dungeon Overview and Level Annotations

Branches:
Dungeon (2/15)

Altars:


Innate Abilities, Weirdness & Mutations

You cannot wear most types of armour.
You are amphibious.
You can wear up to eight rings at the same time.
Your skin changes colour to match your surroundings (Stealth+).
Your rubbery body absorbs attacks. (AC +1, EV +1)
((You are camouflaged when in or above water. (Stealth+)))
You have tentacles for arms and can constrict up to eight enemies at once.


Message History

Your grab misses the hobgoblin. The hobgoblin hits you.
The ribbon worm expels a string of sticky webbing.
The stream of webbing hits you but does no damage.
You are caught in a web!
You are caught in a web!
You are caught in a web!
There are monsters nearby!
The web tears apart.
The hobgoblin hits you.
You slash the hobgoblin!
You kill the hobgoblin!
The goblin barely misses you.
You hit the goblin.
You kill the goblin!
The frilled lizard bites you. The hobgoblin hits you.
The frilled lizard misses you.
You hit the hobgoblin. Your grab misses the hobgoblin.
Your squeeze misses the hobgoblin.
The hobgoblin is almost dead.
The hobgoblin misses you. The frilled lizard closely misses you.
You completely miss the hobgoblin. Your grab misses the hobgoblin.
Your squeeze misses the hobgoblin.
The hobgoblin is almost dead.
The hobgoblin barely misses you. The frilled lizard bites you.
You closely miss the hobgoblin. Your grab misses the hobgoblin.
The hobgoblin is almost dead.
The hobgoblin closely misses you. The frilled lizard barely misses you.
The hobgoblin barely misses you. The frilled lizard closely misses you.
You hit the frilled lizard.
You kill the frilled lizard!
The hobgoblin hits you.
* * * LOW HITPOINT WARNING * * *
You feel very mighty all of a sudden.
The hobgoblin hits you but does no damage.
The ribbon worm bites you.
* * * LOW HITPOINT WARNING * * *
You slash the ribbon worm! Your grab misses the ribbon worm.
You squeeze the ribbon worm!
You kill the ribbon worm!
The giant cockroach bites you.
You die...

####.## S
.#...#$ #
.#.##..#..##.#
..#....$..#.#
...
...#.⌠.#...
.... #....(..#
.?.. #..#g†#
... #.B@#
#.####.####.#
#...........#
###....###..#
+........##
####....#####
#...<...#
#.##.../# #
....##


You could see a giant cockroach and a hobgoblin.

Vanquished Creatures
  3 dart slugs
  A ribbon worm (D:2)
  3 ball pythons
  An endoplasm (D:1)
  2 giant cockroaches (D:1)
  2 goblins
  A hobgoblin (D:2)
  9 jackals
  A kobold (D:1)
  A quokka (D:2)
  2 bats
  4 frilled lizards
  2 rats (D:1)
32 creatures vanquished.

Notes
Turn   | Place    | Note
-------+----------+-------------------------------------------
     0 | D:1      | Think the Octopode Fighter began the quest for the Orb.
     0 | D:1      | Reached XP level 1. HP: 16/16 MP: 1/1
   223 | D:1      | You fall into a shaft and drop 1 floor!
   256 | D:2      | Reached XP level 2. HP: 21/21 MP: 2/2
   456 | D:1      | Reached skill level 4 in Dodging
   579 | D:1      | Reached XP level 3. HP: 22/26 MP: 3/3
  1440 | D:2      | Slain by a giant cockroach

Illustrated notes

Levels and vault maps discovered:
D:1:      minmay_arrival_checkered_box, layout_basic
D:2:      layout_basic, minmay_stone_trees_medium, minmay_nonomino_d4,
          uniq_robin, uniq_sigmund, uniq_crazy_yiuf_cottage

Skill      XL: |  1  2 |
---------------+-------+-----
Dodging        | 4 |  4.4
Fighting       | |  3.0
Long Blades    | |  2.0
Shields        | |  3.0

Action                     || total
---------------------------++-------
  Melee: Long sword        ||    57
         Constrict         ||    19
         Tentacles         ||     9
         Punch             ||     2
    Use: Potion            ||     1
   Stab: Sleeping          ||     3
 Armour: Skin              ||    29
  Dodge: Dodged            ||    39
  Block: Buckler           ||    10
